Map: Dusk Towers

Players

Nuckzer - Winner!

  • Race: Zerg Zerg
  • League: Diamond

Raguel

  • Race: Zerg Zerg
  • League: Diamond

VOD

Have the link to the VOD?

Description

Time

  • Played on: Feb. 17, 2016, 2:52 p.m.
  • Length: 8:36
Show
View Real Time Build Order
Export as new Build Order

Nuckzer Zerg - Winner!

Build Orders: Pool First, Zergling Baneling 

Get SALT Encoding   

  12  0:01  Drone  
  13  0:10  Drone  
  14  0:17  Overlord  
  14  0:26  Extractor, Drone  
  15  0:35  Drone x2  
  17  0:39  Extractor  
  16  0:44  Drone  
  17  0:52  Spawning Pool  
  17  0:55  Drone  
  17  1:06  Drone  
  18  1:22  Hatchery  
  17  1:28  Overlord  
  17  1:40  Metabolic Boost  
  17  1:46  Queen  
  19  1:51  Zergling x2  
  19  1:54  Zergling x2  
  21  2:02  Drone  
  21  2:03  Drone  
  23  2:10  Baneling Nest  
  23  2:15  Zergling x2  
  23  2:24  Zergling x2  
  24  2:35  Queen  
  26  2:37  Overlord  
  25  2:52  Zergling x6  
  28  3:04  Zergling x8  
  32  3:13  Baneling x2  
  32  3:18  Zergling x6  
  35  3:21  Zergling x2  
  36  3:27  Zergling x2  
  36  3:33  Baneling x4  
  37  3:39  Zergling x4  
  37  3:40  Zergling x2  
  37  3:53  Zergling x10  
  37  4:00  Zergling x4  
  36  4:12  Zergling x2  
  36  4:13  Zergling x4  
  39  4:21  Baneling x2  
  37  4:25  Zergling x6  
  36  4:34  Baneling x2  
  36  4:35  Baneling  
  29  4:51  Drone x2  
  29  4:52  Zergling x2, Drone x2  
  34  4:53  Zergling x6  
  37  5:00  Zergling x4  
  37  5:25  Drone x3  
  37  5:26  Drone x2  
  36  5:42  Drone x2  
  36  5:46  Zergling x10  
  40  5:56  Roach Warren  
  39  5:57  Baneling x3  
  39  5:58  Baneling  
  39  6:00  Zergling x10  
  44  6:06  Baneling x2  
  41  6:20  Zergling x4  
  43  6:28  Overlord x3  
  44  6:40  Zergling x2  
  43  6:56  Zergling x2  
  43  6:57  Zergling x4  
  43  6:58  Drone x4  
  43  6:59  Drone x2  
  52  7:05  Drone  
  52  7:07  Lair  
  52  7:10  Extractor  
  52  7:11  Extractor, Drone  
  51  7:24  Drone x3  
  51  7:25  Drone x4  
  58  7:35  Hatchery  
  54  7:51  Zergling x10  
  51  7:52  Zergling x10  
  60  8:03  Baneling x4  
Show
View Real Time Build Order
Export as new Build Order

Raguel Zerg 

Build Orders: Hatch First 

Get SALT Encoding   

  12  0:01  Drone  
  13  0:12  Overlord  
  13  0:17  Drone  
  14  0:32  Drone  
  14  0:33  Drone  
  14  0:34  Drone  
  17  0:55  Hatchery  
  16  0:59  Drone  
  17  1:13  Spawning Pool  
  17  1:14  Drone  
  17  1:17  Extractor  
  16  1:18  Drone  
  16  1:22  Drone  
  18  1:29  Drone  
  19  1:45  Overlord  
  19  2:02  Queen  
  19  2:03  Zergling x2  
  19  2:04  Zergling x2  
  19  2:08  Queen  
  23  2:10  Drone  
  26  2:32  Metabolic Boost  
  26  2:34  Drone x5  
  31  2:45  Queen  
  31  2:46  Baneling Nest  
  32  3:01  Overlord x2  
  31  3:17  Zergling x6  
  31  3:18  Zergling x4  
  36  3:21  Zergling x6  
  39  3:29  Baneling  
  39  3:30  Baneling  
  39  3:38  Spine Crawler  
  31  3:58  Zergling x12  
  32  4:09  Zergling x8  
  26  4:23  Baneling x2  
  25  4:34  Baneling x3  
  19  4:47  Zergling x12  
  19  4:48  Queen  
  27  4:59  Drone x2  
  22  5:22  Zergling x8  
  24  5:41  Baneling x2  
  23  5:44  Drone  
  24  6:03  Queen  
  26  6:16  Drone x3  
  27  6:20  Baneling x2  
  27  6:25  Drone  
  28  6:45  Drone x6  
  33  7:09  Drone x6  
  39  7:20  Lair  
  39  7:23  Extractor  
  39  7:25  Extractor  
  39  7:26  Extractor  
  36  7:32  Baneling  
  36  7:33  Baneling  
  34  7:56  Zergling x2  
  34  7:57  Zergling x12, Drone  
  34  7:58  Drone x2  
Tags
 
Add a new tag
Caveats
  • Supply blocks, unpowered buildings, or Contaminate may cause inaccurate times.
  • Supply counts are checked every 10 seconds.